 Dungeon Crawl Stone Soup version 0.15-a0-462-gf669498 (webtiles) character file.

338 Quh the Poker (level 5, 0/45 HPs)
             Began as a Minotaur Berserker on May 7, 2014.
             Was an Elder of Trog.
             Slain by an orc
             ... wielding a +0,+0 mace
              (7 damage)
             ... on Level 3 of the Dungeon.
             The game lasted 00:07:44 (2306 turns).

Quh the Poker (Minotaur Berserker)                  Turns: 2306, Time: 00:07:44

HP   0/45        AC  3     Str 23      XL: 5   Next: 27%
MP   2/2         EV 11     Int  4      God: Trog [****..]
Gold 166         SH  0     Dex  9      Spells:  0 memorised,  4 levels left

rFire  . . .     SeeInvis .     v - +0 trident
rCold  . . .     Clarity  .     x - +0 leather armour
rNeg   . . .     Conserve .     (no shield)
rPois  .         rCorr    .     (helmet restricted)
rElec  .         rRot     .     (no cloak)
SustAb . .       Spirit   .     (no gloves)
rMut   .         Warding  .     (no boots)
Saprov . . .     Stasis   .     (no amulet)
MR     .....                    (no ring)
                                (no ring)

@: exhausted, slowed, very slow, not resistant to hostile enchantments, very
unstealthy
A: retaliatory headbutt, horns 2
a: Burn Spellbooks, Berserk, Trog's Hand, Brothers in Arms, Renounce Religion


You were on level 3 of the Dungeon.
You worshipped Trog.
Trog was greatly pleased with you.
You were near starving.

You visited 1 branch of the dungeon, and saw 3 of its levels.

You collected 166 gold pieces.

Inventory:

Hand weapons
 a - a +0,+0 spear
 h - a +0,+0 spear
 j - a +0,+0 hand axe
 v - a +0,+0 trident (weapon)
Missiles
 e - 20 bolts
 l - 8 tomahawks (quivered)
 o - 9 silver bolts
 u - 7 darts
Armour
 b - a +0 animal skin
 x - a +0 leather armour (worn)
Comestibles
 c - 2 bread rations
 i - a meat ration
 w - a cheese
Scrolls
 d - 3 scrolls of identify
 f - a scroll of random uselessness {unknown}
 k - a scroll of fog {unknown}
 m - a scroll of enchant weapon I {unknown}
 q - a scroll of recharging {unknown}
 t - a scroll of teleportation {unknown}
Potions
 g - a potion of poison
 n - a potion of mutation {unknown}
 p - 2 potions of magic {unknown}
 r - a potion of invisibility {unknown}
 s - a potion of restore abilities {unknown}


   Skills:
 - Level 3.6 Fighting
 * Level 7.2 Polearms
 - Level 2.4 Armour
 - Level 2.1 Dodging


You had 4 spell levels left.
You didn't know any spells.

Dungeon Overview and Level Annotations

Branches:
Dungeon (3/15)

Altars:
Fedhas
Xom


Innate Abilities, Weirdness & Mutations

You reflexively headbutt those who attack you in melee.
You have a pair of horns on your head.


Message History

The orc hits you but does no damage.
You barely miss the orc. Your headbutt misses the orc.
The orc closely misses you. The orc hits you with a mace.
You barely miss the orc. Your headbutt misses the orc.
The orc barely misses you.
You barely miss the orc. Your headbutt misses the orc.
The orc hits you but does no damage.
You barely miss the orc. The orc misses you.
You hit the orc but do no damage. The orc hits you with a mace.
You hit the orc.
The orc is lightly wounded.
The orc hits you with a mace.
You hit the orc but do no damage.
The orc is lightly wounded.
The orc hits you with a mace.
* * * LOW HITPOINT WARNING * * *
The orc hits you with a mace.
* * * LOW HITPOINT WARNING * * *
The orc hits you with a mace!
You die...

#########......###
####.................
#....################
#....# #....# ####.#
#.# #.# # #@# # #..
#o# .#
#....#.##..##...
#.......).....#
#......##.##.##
#......# .. ....#...#
[.# ...#...# .# .
#.... .


You could see an orc.

Vanquished Creatures
  An orc wizard (D:3)
  5 adders
  A giant mite (D:3)
  A worm (D:3)
  3 giant geckos
  An orc (D:3)
  5 bats
  3 giant cockroaches
  4 goblins
  6 hobgoblins
  9 jackals
  13 kobolds
  2 oozes
  A quokka (D:2)
  4 giant newts
  31 rats
90 creatures vanquished.

Notes
Turn   | Place    | Note
--------------------------------------------------------------
     0 | D:1      | Quh, the Minotaur Berserker, began the quest for the Orb.
     0 | D:1      | Reached XP level 1. HP: 19/19 MP: 1/1
   237 | D:1      | Reached skill level 4 in Polearms
   271 | D:1      | Reached XP level 2. HP: 15/26 MP: 1/1
   483 | D:1      | Acquired Trog's second power
   612 | D:1      | Reached skill level 5 in Polearms
   670 | D:1      | Reached XP level 3. HP: 31/31 MP: 2/2
   675 | D:1      | Found a shimmering altar of Xom.
  1118 | D:2      | Found a shimmering altar of Xom.
  1428 | D:2      | Reached skill level 6 in Polearms
  1428 | D:2      | Reached XP level 4. HP: 26/39 MP: 2/2
  2006 | D:3      | Acquired Trog's third power
  2040 | D:3      | Found a blossoming altar of Fedhas.
  2109 | D:3      | Reached XP level 5. HP: 25/45 MP: 2/2
  2285 | D:3      | Reached skill level 7 in Polearms
  2306 | D:3      | Slain by an orc

Action                   |  1- 3 |  4- 6 || total
-------------------------+-------+-------++-------
Melee: Spear             |    96 |    44 ||   140
       Trident           |       |    51 ||    51
Invok: Berserk           |       |     1 ||     1
  Use: Scroll            |       |     1 ||     1
